 Dungeon Crawl Stone Soup version 0.27-a0-1299-g1ab19c6527 (webtiles) character file.

Game seed: 16685483945939244490

53 flotson the Sneak (level 3, -1/29 HPs)
             Began as a Demonspawn Delver on June 16, 2021.
             Slain by a hobgoblin (2 damage)
             ... on level 2 of the Dungeon.
             The game lasted 00:01:39 (784 turns).

flotson the Sneak (Demonspawn Delver)                Turns: 784, Time: 00:01:40

Health: -1/29      AC:  8    Str: 13    XL:     3   Next: 64%
Magic:  3/3        EV:  6    Int: 11    God:
Gold:   28         SH:  0    Dex: 14    Spells: 2/2 levels left

rFire    . . .     SeeInvis .   i - +1 short sword (flame)
rCold    . . .     Faith    .   (no shield)
rNeg     . . .     Spirit   .   f - +0 chain mail
rPois    .         Reflect  .   (helmet restricted)
rElec    .         Harm     .   (no cloak)
rCorr    .         Rampage  .   (no gloves)
Will     +....                  (no boots)
Stlth    ..........             (no amulet)
HPRegen  0.09/turn              l - ring of willpower
MPRegen  0.08/turn              (no ring)

@: brilliant, lethally poisoned (-1 -> -3), attractive
A: horns 1, ignite blood 1
a: no special abilities


You were on level 2 of the Dungeon.
You visited 1 branch of the dungeon, and saw 4 of its levels.

You collected 28 gold pieces.

Inventory:

Hand Weapons
 a - a +0 hand axe
 i - a +1 short sword of flaming (weapon)
Missiles
 h - 13 poisoned darts (quivered)
 j - 8 boomerangs
Armour
 b - a +0 leather armour
 f - a +0 chain mail (worn)
Jewellery
 l - a ring of willpower (left hand)
Wands
 g - a wand of digging (3)
 m - a wand of acid (6)
Scrolls
 c - a scroll of fog
 d - 2 scrolls of noise {unknown}
 e - a scroll of fear
 k - a scroll of torment {unknown}


   Skills:
 + Level 3.3 Fighting
 + Level 2.2 Axes
 + Level 1.1 Throwing
 + Level 1.1 Armour
 + Level 2.2 Dodging
 - Level 4.5 Stealth
 + Level 0.3 Evocations


You had 2 spell levels left.
You didn't know any spells.
Your spell library was empty.

Dungeon Overview and Level Annotations

Branches:
Dungeon (5/15)
 Temple: D:4-7

Altars:

Annotations:
D:5 Eustachio


Innate Abilities, Weirdness & Mutations

You have a pair of small horns on your head.
Your demonic aura sometimes causes spilled blood to erupt in flames.


Message History

You are too injured to fight recklessly!
You are too injured to fight recklessly!
You are too injured to fight recklessly!
You are too injured to fight recklessly!
You hit the adder. You burn the adder.
The adder is moderately wounded.
You feel sick. The adder bites you but does no damage. The adder bites you.
You miss the adder. Your headbutt misses the adder.
The adder is moderately wounded.
You feel sick. The adder barely misses you.
You hit the adder. You burn the adder.
You headbutt the adder, but do no damage.
The adder is severely wounded.
You feel sick.
The adder bites you but does no damage. x2
You barely miss the adder.
The adder is severely wounded.
You feel sick. The adder bites you.
* * * LOW HITPOINT WARNING * * *
You are lethally poisoned!
The adder poisons you!
You hit the adder. You burn the adder.
You kill the adder!
* * * LOW HITPOINT WARNING * * *
You feel sick.
It was a potion of brilliance.
You feel clever all of a sudden.
* * * LOW HITPOINT WARNING * * *
You feel sick.
The hobgoblin hits you but does no damage.
It was a potion of attraction.
You feel attractive to monsters.
* * * LOW HITPOINT WARNING * * *
You feel sick.
The hobgoblin hits you but does no damage.
You hit the hobgoblin. You burn the hobgoblin.
Your headbutt misses the hobgoblin.
The hobgoblin is heavily wounded.
* * * LOW HITPOINT WARNING * * *
You feel sick. The hobgoblin hits you.
You die...

..# #.. .# #....## ###
##. .. ##..).# #....#
###...### #.......## #
#..##.....# ##...#
###.#)#
#.#...######.#.######.
......g@..............
..(##.##.........#####
#....##.........#
#.:....###.........#
#..##.# #.........# ..
#. #.........# #.
#.........# #
#.........#
#.........#


You could see a hobgoblin.

Vanquished Creatures
  3 adders
  An adder skeleton (D:4)
  2 worms
  An orc (D:3)
  4 endoplasms
  3 goblins
  A hobgoblin (D:2)
  A quokka (D:3)
  A ball python (D:4)
  A bat (D:2)
  A kobold (D:4)
19 creatures vanquished.

Notes
Turn   | Place    | Note
-------+----------+-------------------------------------------
     0 | D:5      | flotson the Demonspawn Delver began the quest for the Orb.
     0 | D:5      | Reached XP level 1. HP: 18/18 MP: 1/1
    13 | D:5      | Noticed an ogre
    62 | D:5      | Noticed Eustachio
   326 | D:4      | Gained mutation: Your demonic aura sometimes causes spilled
                  | blood to erupt in flames. [demonic ancestry]
   326 | D:4      | Reached XP level 2. HP: 19/24 MP: 2/2
   328 | D:4      | Noticed a bullfrog
   704 | D:2      | Reached skill level 1 in Armour
   704 | D:2      | Gained mutation: You have a pair of small horns on your
                  | head. [demonic ancestry]
   704 | D:2      | Reached XP level 3. HP: 28/29 MP: 3/3
   741 | D:2      | Reached skill level 1 in Throwing
   784 | D:2      | HP: 1/29 [poisoned by an adder]
   784 | D:2      | Slain by a hobgoblin

Illustrated notes

Levels and vault maps discovered:
D:2:      layout_rooms
D:3:      kb_forest_paths, layout_basic, grunt_ministairs_9, uniq_natasha
D:4:      layout_basic, uniq_ijyb
D:5:      corexii_shantytown, layout_basic, uniq_pikel, uniq_eustachio

Skill      XL: |  1  2  3 |
---------------+----------+-----
Dodging        | 2 |  2.2
Axes           | 2 |  2.2
Armour         | 1 |  1.1
Throwing       | 1 |  1.1
Fighting       | |  3.3
Stealth        | |  4.5
Evocations     | |  0.3

Action                   || total
-------------------------++-------
Melee: Hand axe          ||    21
       Short sword       ||    55
       Headbutt          ||     5
Throw: Dart              ||     1
  Use: Potion            ||     3
       Scroll            ||     1
 Stab: Sleeping          ||     1
Armor: Chain mail        ||    50
       Leather armour    ||     1
Dodge: Dodged            ||    25

Table legend: (Time is in decaauts)
 A = Elapsed time spent in this place.
 B = Non-inter-level travel time spent in this place.
 C = Inter-level travel time spent in this place.
 D = Time resting spent in this place.
 E = Time spent auto-exploring this place.
 F = Levels seen in this place.
 G = Mean time per level.
                   A        B        C        D        E       F      G
               +--------+--------+--------+--------+--------+-----+--------+
         Total |    772 |    772 |      0 |      0 |    553 |   4 |  193.0 |
       Dungeon |    772 |    772 |      0 |      0 |    553 |   4 |  193.0 |
               +--------+--------+--------+--------+--------+-----+--------+

Top non-repeatable levels by time:
     D:3: 339 daAuts
     D:4: 265 daAuts
     D:2: 118 daAuts
     D:5: 49 daAuts
